 Dungeon Crawl Stone Soup version 0.29.0-11-gd7f09526c8 (webtiles) character file.

Game seed: 8375747275782447220

43275 iguanaiguana the Severer (level 13, -5/119 HPs)
             Began as a Minotaur Fighter on Sept 7, 2022.
             Was a High Priest of Okawaru.
             Slain by a spriggan rider
             ... wielding a +0 spear
              (15 damage)
             ... on level 5 of the Lair of Beasts.
             The game lasted 00:24:33 (22097 turns).

iguanaiguana the Severer (Minotaur Fighter)        Turns: 22097, Time: 00:24:33

Health: -5/119     AC: 23    Str: 25    XL:     13   Next: 90%
Magic:  15/18      EV:  8    Int:  5    God:    Okawaru [*****.]
Gold:   879        SH:  0    Dex: 11    Spells: 12/12 levels left

rFire   + . .      SeeInvis .   a - +4 broad axe (vorpal)
rCold   . . .      Faith    +   K - +0 kite shield
rNeg    . . .      Spirit   .   J - +0 plate armour
rPois   .          Reflect  .   (helmet restricted)
rElec   .          Harm     .   r - +2 cloak
rCorr   .          Rampage  .   R - +0 pair of gloves
Will    +....                   g - +0 pair of boots
Stlth   ..........              k - amulet of faith
HPRegen 0.29/turn               p - ring of protection from fire
MPRegen 0.16/turn               N - ring of willpower

@: confused, lethally poisoned (-5 -> -13), about to teleport, heroic,
finesse-ful, ambrosia-drunk, studying Ranged Weapons
A: horns 2, retaliatory headbutt
a: Renounce Religion, Heroism, Finesse, Duel


You were on level 5 of the Lair of Beasts.
You worshipped Okawaru.
Okawaru was extremely pleased with you.
You visited 2 branches of the dungeon, and saw 14 of its levels.

You collected 1004 gold pieces.
You spent 125 gold pieces at shops.

Inventory:

Hand Weapons
 a - a +4 vorpal broad axe (weapon)
 b - a +2 whip of freezing
Missiles
 i - 2 silver boomerangs (quivered)
 o - 2 javelins
 q - 16 boomerangs
 u - 3 atropa-tipped darts
 G - 2 throwing nets
 I - a curare-tipped dart
 M - 5 silver javelins
 S - 26 poisoned darts
Armour
 c - a +0 buckler
 g - a +0 pair of boots (worn)
 r - a +2 cloak (worn)
 F - a +0 scale mail
 J - a +0 plate armour (worn)
 K - a +0 kite shield (worn)
 R - a +0 pair of gloves (worn)
Jewellery
 k - an amulet of faith (around neck)
 p - a ring of protection from fire (left hand)
 N - a ring of willpower (right hand)
Wands
 y - a wand of mindburst (4)
 O - a wand of acid (4) {@v1}
Scrolls
 e - a scroll of poison
 h - 3 scrolls of vulnerability
 s - 3 scrolls of fear
 t - a scroll of noise {unknown}
 v - 4 scrolls of blinking {@r4}
 w - 10 scrolls of teleportation {@r3}
 z - a scroll of silence
 A - 3 scrolls of torment
 B - a scroll of enchant armour {unknown}
 E - 3 scrolls of enchant weapon {unknown}
 L - a scroll of immolation
Potions
 d - 3 potions of might {@q3}
 f - 6 potions of haste {unknown}
 m - a potion of ambrosia
 n - 2 potions of magic
 C - 2 potions of berserk rage
 D - 3 potions of attraction
 H - 2 potions of brilliance
 P - a potion of cancellation {unknown}
Miscellaneous
 j - a condenser vane


   Skills:
 + Level 12.8(17.8) Fighting
 * Level 17.2(22.2) Axes
 + Level 10.0(15.0) Throwing
 - Level 10.0(15.0) Armour
 - Level 8.0(13.0) Shields
 + Level 8.4 Invocations
 * Level 4.3 Evocations


You had 12 spell levels left.
You didn't know any spells.
Your spell library contained the following spells:

 Spells                   Type           Power      Damage    Failure   Level
 Gell's Gravitas          Tloc           0%         N/A       100%        3
 Teleport Other           Tloc           0%         N/A       100%        3
 Dispersal                Tloc           0%         N/A       100%        6


Dungeon Overview and Level Annotations

Branches:
Dungeon (9/15) Zot: 23994  Temple (0/1) D:7            Lair (5/5) D:9 Zot: 20971
 Shoals (0/4) Lair:2       Spider (0/4) Lair:3        Slime (0/5) Lair:5
    Orc (0/2) D:9

Altars:
Dithmenos
Elyvilon
Fedhas
Hepliaklqana
Okawaru
Trog
Uskayaw
Vehumet
Yredelemnul
The Shining One

Shops:
D:1 !   D:3 ?

Annotations:
Lair:4 5 exclusions


Innate Abilities, Weirdness & Mutations

You have a pair of horns on your head.
You reflexively headbutt those who attack you in melee.


Message History

You are too injured to fight recklessly!
You are too injured to fight recklessly!
Unknown command.
You gain the combat prowess of a mighty hero.
The cane toad stings you!
The spriggan rider hits you from afar with a +0 spear!
* * * LOW HITPOINT WARNING * * *
You hit the cane toad.
You kill the cane toad!
Okawaru grants you throwing weapons! Something appears at your feet!
You slash the polar bear! The polar bear bites you!
* * * LOW HITPOINT WARNING * * *
The spriggan rider hits you from afar with a +0 spear.
* * * LOW HITPOINT WARNING * * *
You can now deal lightning-fast blows.
A polar bear comes into view.
The spriggan hits you with a +0 short sword.
* * * LOW HITPOINT WARNING * * *
You are more poisoned.
You feel better.
The spriggan rider hits you from afar with a +0 spear!
* * * LOW HITPOINT WARNING * * *
As you read the scroll of teleportation {@r3}, it crumbles to dust.
You feel strangely unstable.
The spriggan rider hits you from afar with a +0 spear!
* * * LOW HITPOINT WARNING * * *
The spriggan hits you with a +1 dagger of venom.
* * * LOW HITPOINT WARNING * * *
You are poisoned.
Okay, then.
You are confused.
You feel invigorated.
You feel very sick. The polar bear claws you.
* * * LOW HITPOINT WARNING * * *
The polar bear claws you.
* * * LOW HITPOINT WARNING * * *
The spriggan rider hits you from afar with a +0 spear!
You die...

*,,,,,*
♣♣♣♣♣..♣♣
♣.....
**,,,,* ♣...♣
♣..... *,,,,*
♣♣..♣ *♣.....
**,,** ♣♣...♣
♣...... *,,**
♣♣..♣.♣
♣...... *,,*
♣♣..♣♣.♣
♣...... *,**
♣♣.♣♣♣*.♣*
*♣...... **,*
♣..♣
*♣.***.......
*,,* ♣i@♣
*.,,,,......
*,*****♣ih♣
*..,,,,#..#.
*,***,,♣ih♣*
**,,,,,*.♣..
*,,**,,yihg*
*,,,,*,,,,,
**,**,..♣h.**
*,,,,**,<,,
*,,*....♣..*
*,,,,*,,,,,
*,,....♣*..**
*,,,,**,*,*
**....♣**♣..*
**,,,,**,*,
*,,,,** **,**
**,,,,,*,,


You could see a spriggan rider, 2 polar bears, a hornet, 3 spriggans, 2 wolves
and a boggart.

Vanquished Creatures
  5 hydras
  A catoblepas (Lair:1)
  A two-headed ogre (D:9)
  An alligator (Lair:1)
  7 death yaks
  A fire crab (Lair:1)
  Pikel (D:6)
  A lindwurm (Lair:3)
  An ugly thing (D:8)
  A merfolk siren (Lair:2)
  6 elephants
  5 black mambas
  3 torpor snails
  9 cane toads
  8 komodo dragons
  2 rime drakes
  2 trolls (D:9)
  A merfolk (Lair:2)
  3 polar bears
  2 hornets
  21 blink frogs
  16 dream sheep
  Sigmund (D:3)
  2 spriggans (Lair:5)
  39 yaks
  5 wyverns
  2 basilisks
  A steam dragon (Lair:1)
  2 wargs (D:9)
  Duvessa (D:7)
  2 acid dragons (D:9)
  12 water moccasins
  An ice beast (D:5)
  2 black bears (Lair:1)
  3 orc warriors (D:9)
  2 centaurs
  2 boggarts (Lair:5)
  13 wolves
  3 lemures (D:6)
  3 kobold brigands
  3 necrophages
  9 bullfrogs
  2 scorpions
  4 gnoll sergeants
  5 wights
  Dowan (D:7)
  15 killer bees
  An electric eel (Lair:4)
  Crazy Yiuf (D:2)
  4 hounds
  2 jellies
  5 orc priests
  2 gnoll boudas
  Jessica (D:3)
  4 orc wizards
  5 iguanas
  A mummy (D:6)
  33 gnolls
  10 adders
  3 white imps
  A worm (D:4)
  18 dart slugs
  22 orcs
  8 ball pythons
  9 endoplasms
  5 giant cockroaches
  7 goblins
  10 hobgoblins
  7 jackals
  A quokka (D:4)
  6 bats
  7 frilled lizards
  2 hobgoblin zombies (D:6)
  20 kobolds
  A kobold zombie (D:6)
  An orc zombie (D:6)
  7 rats
  A butterfly (D:8)
438 creatures vanquished.

Vanquished Creatures (others)
  21 fungi
  26 plants
47 creatures vanquished.

Grand Total: 485 creatures vanquished

Notes
Turn   | Place    | Note
-------+----------+-------------------------------------------
     0 | D:1      | iguanaiguana the Minotaur Fighter began the quest for the
                  | Orb.
     0 | D:1      | Reached XP level 1. HP: 19/19 MP: 0/0
    78 | D:1      | Found Tamm's Distillery.
   106 | D:1      | Bought a potion of heal wounds for 70 gold pieces
   162 | D:1      | Reached XP level 2. HP: 27/27 MP: 1/1
   207 | D:1      | Reached skill level 3 in Axes
   362 | D:1      | Found a faded altar of an unknown god.
   489 | D:1      | Reached XP level 3. HP: 32/33 MP: 2/2
   822 | D:2      | Identified the +4 dagger of Demand {spect, Will- Int+3
                  | SInv}
  1372 | D:2      | Found a runed translucent door.
  1373 | D:2      | Noticed Crazy Yiuf
  1437 | D:2      | Found a hazy altar of Hepliaklqana.
  1676 | D:2      | Reached XP level 4. HP: 36/40 MP: 3/3
  1975 | D:2      | Killed Crazy Yiuf
  1976 | D:2      | Reached skill level 4 in Axes
  2176 | D:3      | Reached XP level 5. HP: 22/47 MP: 4/4
  2451 | D:3      | Noticed Sigmund
  2463 | D:3      | Killed Sigmund
  2464 | D:3      | Reached skill level 5 in Axes
  2464 | D:3      | Reached skill level 5 in Armour
  2464 | D:3      | Reached skill level 5 in Shields
  2464 | D:3      | Reached XP level 6. HP: 37/55 MP: 5/5
  2726 | D:3      | Found Moulimad's Magic Scroll Emporium.
  2726 | D:3      | Noticed Jessica
  2741 | D:3      | Killed Jessica
  2742 | D:3      | Reached skill level 5 in Fighting
  2743 | D:3      | Bought a scroll of identify for 22 gold pieces
  2743 | D:3      | Bought a scroll of teleportation for 33 gold pieces
  2793 | D:3      | Found a bloodstained altar of Trog.
  3011 | D:3      | Found a blossoming altar of Fedhas.
  3045 | D:3      | Found a basalt altar of Yredelemnul.
  3052 | D:3      | Found a radiant altar of Vehumet.
  3304 | D:4      | Reached skill level 1 in Throwing
  3325 | D:4      | Reached XP level 7. HP: 25/61 MP: 6/6
  4001 | D:5      | Entered Level 5 of the Dungeon
  4010 | D:5      | Reached skill level 6 in Axes
  4473 | D:5      | Found a shadowy altar of Dithmenos.
  4754 | D:5      | Reached skill level 7 in Axes
  4933 | D:6      | Reached XP level 8. HP: 70/70 MP: 7/7
  5672 | D:6      | Found a hide-covered altar of Uskayaw.
  6005 | D:7      | Noticed Pikel
  6009 | D:7      | Reached skill level 8 in Axes
  6418 | D:6      | Killed Pikel
  6419 | D:6      | Reached XP level 9. HP: 70/78 MP: 8/8
  6583 | D:7      | Reached skill level 9 in Axes
  6669 | D:7      | Noticed Duvessa
  6868 | D:7      | Killed Duvessa
  6986 | D:7      | Noticed Dowan
  7001 | D:7      | Killed Dowan
  7060 | D:7      | Found an iron altar of Okawaru.
  7102 | D:7      | Became a worshipper of Warmaster Okawaru
  7304 | D:7      | Found a staircase to the Ecumenical Temple.
  7347 | D:7      | Found a glowing golden altar of the Shining One.
  7863 | D:8      | Noticed a green ugly thing
  7886 | D:8      | Killed a green ugly thing
  7886 | D:8      | Reached * piety under Okawaru
  8159 | D:8      | Reached skill level 10 in Axes
  8922 | D:8      | Reached skill level 5 in Throwing
  9442 | D:8      | Reached XP level 10. HP: 67/88 MP: 9/9
  9874 | D:8      | Identified the +0 robe "Osooteb" {Regen+}
  9926 | D:8      | Found a white marble altar of Elyvilon.
 10084 | D:9      | Found a staircase to the Orcish Mines.
 10105 | D:9      | Reached ** piety under Okawaru
 10126 | D:9      | Reached skill level 1 in Invocations
 10715 | D:9      | Reached skill level 11 in Axes
 10960 | D:9      | Identified the +9 long sword "Eladarorph" {flame, rC+
                  | Dex+2}
 11100 | D:9      | Reached *** piety under Okawaru
 11143 | D:9      | Found a staircase to the Lair.
 11832 | D:9      | Noticed a two-headed ogre
 11852 | D:9      | Killed a two-headed ogre
 11883 | D:9      | Reached **** piety under Okawaru
 11884 | D:9      | Reached skill level 12 in Axes
 12517 | Lair:1   | Entered Level 1 of the Lair of Beasts
 12564 | Lair:1   | Noticed a black mamba
 12574 | D:9      | Received a gift from Okawaru
 12722 | D:9      | Killed a black mamba
 12723 | D:9      | Reached XP level 11. HP: 72/97 MP: 10/12
 12905 | Lair:1   | Noticed a catoblepas
 12918 | Lair:1   | Killed a catoblepas
 12918 | Lair:1   | Received a gift from Okawaru
 13348 | Lair:1   | Received a gift from Okawaru
 13706 | Lair:1   | Reached skill level 13 in Axes
 13754 | Lair:1   | Received a gift from Okawaru
 14095 | Lair:1   | Noticed a fire crab
 14097 | Lair:1   | Noticed an alligator
 14350 | Lair:1   | Received a gift from Okawaru
 14353 | Lair:1   | Reached skill level 10 in Armour
 14439 | Lair:1   | Killed an alligator
 14439 | Lair:1   | Reached ***** piety under Okawaru
 14440 | Lair:1   | Reached skill level 10 in Fighting
 14756 | Lair:1   | Received a gift from Okawaru
 14757 | Lair:1   | Reached skill level 5 in Invocations
 15017 | Lair:1   | Killed a fire crab
 15285 | Lair:1   | Noticed a five-headed hydra
 15285 | Lair:1   | Noticed a death yak
 15285 | Lair:1   | Noticed a death yak
 15318 | Lair:2   | Noticed an eight-headed hydra
 15586 | Lair:1   | Reached skill level 14 in Axes
 16080 | Lair:1   | Reached XP level 12. HP: 96/107 MP: 15/15
 16167 | Lair:1   | Killed a five-headed hydra
 16282 | Lair:1   | Killed a death yak
 16298 | Lair:1   | Killed a death yak
 16298 | Lair:1   | Received a gift from Okawaru
 16339 | Lair:1   | Identified the +2 robe of Elitism {rElec}
 16416 | Lair:1   | Killed an eight-headed hydra
 17168 | Lair:2   | Noticed a seven-headed hydra
 17183 | Lair:2   | Killed an eight-headed hydra
 17184 | Lair:2   | Reached skill level 15 in Axes
 17902 | Lair:2   | Found a staircase to the Shoals.
 18609 | Lair:3   | Received a gift from Okawaru
 18788 | Lair:3   | Found a hole to the Spider Nest.
 18807 | Lair:3   | Noticed a four-headed hydra
 18821 | Lair:3   | Killed a four-headed hydra
 19260 | Lair:3   | Received a gift from Okawaru
 19536 | Lair:4   | Received a gift from Okawaru
 19537 | Lair:4   | Reached XP level 13. HP: 100/117 MP: 17/17
 19538 | Lair:4   | Reached skill level 16 in Axes
 20084 | Lair:4   | Reached skill level 1 in Evocations
 20745 | Lair:5   | Entered Level 5 of the Lair of Beasts
 21240 | Lair:5   | Received a gift from Okawaru
 21641 | Lair:5   | Reached skill level 17 in Axes
 21692 | Lair:5   | Received a gift from Okawaru
 21914 | Lair:5   | Reached skill level 10 in Throwing
 22093 | Lair:5   | Received a gift from Okawaru
 22097 | Lair:5   | Slain by a spriggan rider

Illustrated notes

Levels and vault maps discovered:
D:1:      dpeg_arrival_windows_large_door, layout_basic, serial_shops,
          shop_coins, chequers_ecumenical_altar_twisty
D:2:      minmay_evil_eye, layout_loops_corners, basic_altar,
          kennysheep_generic_room_16, uniq_crazy_yiuf_cottage
D:3:      kennysheep_slugbush, layout_rooms, amcnicky_altar_gilded,
          mainiacjoe_overflow_alcove_2, minitemple, serial_shops,
          nicolae_shop_hallway_plus, minmay_three_crescents, uniq_sigmund,
          uniq_jessica
D:4:      layout_loops_ring
D:5:      layout_basic, nicolae_overflow_hidden_temple, corexii_shack,
          minmay_misc_feat_enclosed, minmay_manual_mess
D:6:      layout_loops_ring, mainiacjoe_overflow_surrounded_room,
          minmay_mini_ossuary
D:7:      layout_cave_pools, nicolae_overflow_crystal_walls,
          mainiacjoe_overflow_paths, minmay_temple_entry_poolview, uniq_duvessa,
          uniq_pikel
D:8:      layout_rooms, nicolae_elyvilon_peaceful_grove
D:9:      minmay_skewed_foursquare, layout_basic, erik_lair_orcish_takeover,
          kennysheep_generic_room_12
Lair:1:   wander_river, layout_chaotic_city, nicolae_lair_lakeside_cave
Lair:2:   layout_big_grid, elwin_shoals_entry_rooms
Lair:3:   layout_chaotic_city, spider_nest_entry_web_field,
          nicolae_volcano_entry_lava_flow
Lair:4:   pond_and_an_island_with_a_cottage, layout_loops_ring, st_stairs_11,
          serial_bayou_pond_e
Lair:5:   minmay_lair_end_enchanted_forest, layout_regular_city,
          minmay_slime_entry_oklob_open, gauntlet_entry_generic,
          hangedman_lair_generics_rect, grunt_megastairs_2

Skill      XL: |  1  2  3  4  5  6  7  8  9 10 11 12 13 |
---------------+----------------------------------------+-----
Axes           | 3 4 5 7 8 10 12 14 15 17 | 17.2
Shields        | 4 5 6 7 8 |  8.0
Fighting       | 4 5 6 8 9 10 11 12 | 12.8
Armour         | 4 5 6 8 9 10 | 10.0
Throwing       | 1 2 3 5 6 7 9 10 | 10.0
Invocations    | 3 5 7 8 |  8.4
Evocations     | 4 |  4.3

Action                   |  1- 3 |  4- 6 |  7- 9 | 10-12 | 13-15 || total
-------------------------+-------+-------+-------+-------+-------++-------
Melee: War axe           |    97 |   109 |   318 |   352 |       ||   876
       Headbutt          |    11 |    11 |    46 |   130 |    48 ||   246
       Broad axe         |       |       |       |   196 |   255 ||   451
       Whip              |       |       |       |    37 |       ||    37
Throw: Boomerang         |       |     9 |     3 |    62 |     5 ||    79
       Dart              |       |       |     3 |    35 |       ||    38
Invok: Heroism           |       |       |       |     7 |     3 ||    10
       Finesse           |       |       |       |     3 |     3 ||     6
Evoke: Wand              |       |       |       |     1 |     3 ||     4
  Use: Potion            |       |     1 |     6 |     7 |     3 ||    17
       Scroll            |       |     3 |       |    15 |     2 ||    20
Armor: Scale mail        |    49 |    69 |   141 |     3 |       ||   262
       Skin              |       |       |    32 |       |     3 ||    35
       Plate armour      |       |       |       |   384 |   155 ||   539
Dodge: Dodged            |    50 |    70 |   160 |   175 |    64 ||   519
Block: Buckler           |    21 |    23 |   105 |    18 |       ||   167
       Kite shield       |       |       |       |   311 |   144 ||   455
